 Dungeon Crawl Stone Soup version 0.30-a0-354-g6b83867211 (webtiles) character file.

Game seed: 18227056697285481297

83 hikkokomori the Vexing (level 4, -8/32 HPs)
             Began as a Barachi Hexslinger on Nov 8, 2022.
             Mangled by Terence
             ... wielding a +0 flail
              (15 damage)
             ... on level 2 of the Dungeon.
             The game lasted 00:05:15 (1346 turns).

hikkokomori the Vexing (Barachi Hexslinger)         Turns: 1346, Time: 00:05:15

Health: -8/32      AC:  2    Str: 11    XL:     4   Next: 44%
Magic:  7/7        EV: 12    Int: 14    God:
Gold:   68         SH:  0    Dex: 14    Spells: 0/7 levels left

rFire   . . .      SeeInvis .    n - +0 sling (flame)
rCold   . . .      Faith    .    (no shield)
rNeg    . . .      Spirit   .    c - +0 robe
rPois   .          Reflect  .    (no helmet)
rElec   .          Harm     .    (no cloak)
rCorr   .          Rampage  .    (no gloves)
Will    .....                    (no boots)
Stlth   +.........               (no amulet)
HPRegen 0.25/turn                (no ring)
MPRegen 0.10/turn                (no ring)

@: slow
A: amphibious, slowness 1, strong legs 1, +LOS
a: Hop


You were on level 2 of the Dungeon.
You visited 1 branch of the dungeon, and saw 2 of its levels.

You collected 119 gold pieces.
You spent 51 gold pieces at shops.

Inventory:

Hand Weapons
 a - a +1 sling
 n - a +0 sling of flaming (weapon)
Armour
 c - a +0 robe (worn)
Jewellery
 m - a ring of fire
Scrolls
 b - a scroll of poison
 d - 4 scrolls of identify {unknown}
 f - a scroll of butterflies {unknown}
 i - a scroll of immolation {unknown}
 k - 2 scrolls of teleportation {unknown}
 l - a scroll of noise {unknown}
 o - a scroll of amnesia {unknown}
Potions
 e - a potion of cancellation {unknown}
 g - a potion of magic {unknown}
 j - a potion of curing {unknown}


   Skills:
 - Level 1.2 Fighting
 * Level 3.4 Ranged Weapons
 - Level 2.1 Dodging
 - Level 2.1 Spellcasting
 + Level 4.0 Hexes
 + Level 0.3 Summonings


You couldn't memorise any spells.
You knew the following spells:

 Your Spells              Type           Power      Damage    Failure   Level
a - Slow                  Hex            48%        N/A       4%          1
b - Inner Flame           Hex/Fire       7%         N/A       30%         3
c - Call Canine Familiar  Summ           2%         N/A       52%         3

Your spell library contained the following spells:

 Spells                   Type           Power      Damage    Failure   Level
 Dazzling Flash           Conj/Hex       14%        N/A       30%         3
 Portal Projectile        Hex/Tloc       14%        N/A       30%         3
 Cause Fear               Hex            6%         N/A       41%         4
 Leda's Liquefaction      Hex/Erth       3%         N/A       71%         4
 Iskenderun's Mystic Bla  Conj/Tloc      1%         2d3       93%         4
 Starburst                Conj/Fire      0%         6d3       100%        6


Dungeon Overview and Level Annotations

Branches:
Dungeon (2/15)

Altars:

Shops:
D:2 (

Annotations:
D:2 Terence


Innate Abilities, Weirdness & Mutations

You are amphibious.
You cover ground slowly.
You can hop short distances.
You have an extended range of vision and can be seen from far away.


Message History

Press: ? - help, Shift-Dir - straight line, f/p - Terence
Aim: Terence, wielding a +0 flail and wearing a +0 scale mail (heavily wounded, strong, 60% to hit)
You shoot a sling bullet. The sling bullet hits Terence.
The sling bullet burns Terence.
Terence is severely wounded.
Terence barely misses you. Terence hits you with a +0 flail!!
Ouch! That really hurt!
* * * LOW HITPOINT WARNING * * *
Fire: n) +0 sling (flame)
Press: ? - help, Shift-Dir - straight line, f/p - Terence
Aim: Terence, wielding a +0 flail and wearing a +0 scale mail (severely wounded, strong, 60% to hit)
It was a potion of heal wounds.
You feel much better. Terence hits you with a +0 flail!
Fire: n) +0 sling (flame)
Press: ? - help, Shift-Dir - straight line, f/p - Terence
Aim: Terence, wielding a +0 flail and wearing a +0 scale mail (severely wounded, strong, 60% to hit)
You shoot a sling bullet.
The sling bullet hits Terence but does no damage.
Terence is severely wounded.
Terence says, "Rest in peace."
Terence hits you with a +0 flail!
You feel much better. Terence hits you with a +0 flail!
Fire: n) +0 sling (flame)
Press: ? - help, Shift-Dir - straight line, f/p - Terence
Aim: Terence, wielding a +0 flail and wearing a +0 scale mail (severely wounded, strong, 60% to hit)
You shoot a sling bullet. The sling bullet hits Terence.
The sling bullet burns Terence.
Terence is almost dead.
Terence hits you with a +0 flail!
Fire: n) +0 sling (flame)
Press: ? - help, Shift-Dir - straight line, f/p - Terence
Aim: Terence, wielding a +0 flail and wearing a +0 scale mail (almost dead, strong, 60% to hit)
You shoot a sling bullet.
The sling bullet hits Terence but does no damage.
Terence is almost dead.
You are ready to hop once more.
Terence hits you with a +0 flail!
* * * LOW HITPOINT WARNING * * *
Terence hits you with a +0 flail!
You die...

.........# ###.#.....?..? #...
.........# #.#........ ##.#
.##......### #.#....... #.#
..#........# #.###.##.## #.#
#.#......#.# #.# #..#.# #.#
.........#.####.## #.#.########.#
#................###...##........
##).#.#...................#####..
#.....#......###@@.....#### #..
..#..##.<....# #..###.## #..
.##..##......###....#.# #..
.#..............##...## ###.#
.#.#..######...##.....#######...#
.#.#..#.....##...........##.....#
.#.#..#.....####...∩...#.##......
............# #.†......#.##....#.
......#.....#...#.).†.#........#.


You could see Terence (strong).

Vanquished Creatures
  2 adders (D:2)
  4 worms (D:2)
  A dart slug (D:2)
  4 endoplasms
  2 giant cockroaches (D:1)
  7 goblins
  7 hobgoblins
  6 kobolds
  A quokka (D:2)
  3 ball pythons
  4 bats
  3 frilled lizards (D:1)
  6 rats
50 creatures vanquished.

Notes
Turn   | Place    | Note
-------+----------+-------------------------------------------
     0 | D:1      | hikkokomori the Barachi Hexslinger began the quest for the
                  | Orb.
     0 | D:1      | Reached XP level 1. HP: 15/15 MP: 2/2
   149 | D:1      | Reached XP level 2. HP: 21/21 MP: 4/4
   396 | D:1      | Reached XP level 3. HP: 26/26 MP: 5/5
   887 | D:2      | Noticed an ogre
   976 | D:2      | Reached XP level 4. HP: 22/32 MP: 7/7
  1018 | D:2      | Learned a level 3 spell: Inner Flame
  1176 | D:2      | Learned a level 3 spell: Call Canine Familiar
  1181 | D:2      | Found Wukopuf's Weapon Shoppe.
  1262 | D:2      | Bought a +0 sling of flaming for 51 gold pieces
  1269 | D:2      | Reached skill level 4 in Hexes
  1326 | D:2      | Noticed Terence
  1346 | D:2      | Mangled by Terence

Illustrated notes

Levels and vault maps discovered:
D:1:      dpeg_arrival_rooms_a, layout_rooms, roderic_serpentine_path,
          serial_park_tiny_2
D:2:      layout_rooms, serial_shops, nicolae_shop_bloodbath_and_beyond,
          st_stairs_9, minivault_27, minmay_heptomino_d4, uniq_terence

Skill      XL: |  1  2  3  4 |
---------------+-------------+-----
Ranged Weapons | 3 |  3.4
Spellcasting   | 2 |  2.1
Hexes          | 4 |  4.0
Fighting       | |  1.2
Dodging        | |  2.1
Summonings     | |  0.3

Action                   |  1- 3 |  4- 6 || total
-------------------------+-------+-------++-------
 Fire: Sling             |   155 |    48 ||   203
 Cast: Slow              |     1 |     3 ||     4
 Abil: Hop               |       |     2 ||     2
  Use: Potion            |       |     2 ||     2
Armor: Robe              |     7 |     3 ||    10
Dodge: Dodged            |    45 |    10 ||    55

Table legend: (Time is in decaauts)
 A = Elapsed time spent in this place.
 B = Non-inter-level travel time spent in this place.
 C = Inter-level travel time spent in this place.
 D = Time resting spent in this place.
 E = Time spent auto-exploring this place.
 F = Levels seen in this place.
 G = Mean time per level.
                   A        B        C        D        E       F      G
               +--------+--------+--------+--------+--------+-----+--------+
         Total |   1572 |   1479 |     93 |    188 |    847 |   2 |  786.0 |
       Dungeon |   1572 |   1479 |     93 |    188 |    847 |   2 |  786.0 |
               +--------+--------+--------+--------+--------+-----+--------+

Top non-repeatable levels by time:
     D:1: 959 daAuts
     D:2: 613 daAuts
